AoeStats
← duke of downend

Glade

510405256Analyzed
1v1 RM · 20h ago on Sep 30, 2026· 38m 15s· 2 players
Game mode
Random Map
Map size
Tiny (2 player)
Population
200
Speed
Normal
Resources
Standard
Victory
Conquest
Starting age
Dark Age
Ending age
Imperial Age
RankedLock teamsTeams togetherTeam positionsShared explorationLock speedFull tech treeHidden civsTurbo modeCheats
Victory
Defeat
🇬🇧 Khmer · United Kingdom
668
+15
🇪🇸 Persians · Spain
652
-15
Blackcrow
11:48 Feudal Age
14:28 Wheelbarrow
15:38 Stone Mining
18:01 Castle Age
16:38 Fletching
16:49 Double-Bit Axe
17:45 Gold Mining
18:24 Bodkin Arrow
21:06 Horse Collar
24:00 Bloodlines
28:08 Forging
28:48 Stone Shaft Mining
30:17 Hand Cart
31:30 Elite Skirmisher
duke of downend
4:46 Loom
14:04 Feudal Age
15:10 Horse Collar
15:21 Double-Bit Axe
21:03 Castle Age
20:52 Man-at-Arms
21:53 Crossbowman
22:46 Arson
23:18 Long Swordsman
24:39 Pikeman
26:00 Bow Saw
25:55 Heavy Plow
29:12 Fortified Wall
29:03 Murder Holes
Connection lost

Rejoining the realm…

Still unreachable

The connection could not be restored.

Session expired

The server has moved on; the page needs a fresh start.